 Dungeon Crawl Stone Soup version 0.28-a0-94-g325244837d (webtiles) character file.

Game seed: 12738114856254612335

32 Ezendos the Skirmisher (level 3, 7/39 HPs)
             Began as an Ogre Transmuter on Aug 7, 2021.
             Quit the game on level 2 of the Dungeon.
             The game lasted 00:03:04 (1526 turns).

Ezendos the Skirmisher (Ogre Transmuter)            Turns: 1526, Time: 00:03:05

Health: 7/39       AC:  3    Str: 14    XL:     3   Next: 25%
Magic:  5/6        EV:  9    Int: 15    God:
Gold:   38         SH:  0    Dex:  9    Spells: 5/6 levels left

rFire   . . .      SeeInvis .     - Unarmed
rCold   . . .      Faith    .   (no shield)
rNeg    . . .      Spirit   +   a - +0 robe
rPois   .          Reflect  .   (helmet restricted)
rElec   .          Harm     .   (no cloak)
rCorr   .          Rampage  .   (gloves unavailable)
Will    .....                   (boots unavailable)
Stlth   +.........              d - amulet of guardian spirit
HPRegen 0.13/turn               (no ring)
MPRegen 0.10/turn               (no ring)

@: lethally poisoned (7 -> 0), very slightly contaminated, hasted, very quick
A: large, unfitting armour, tough skin 1
a: no special abilities


You were on level 2 of the Dungeon.
You visited 1 branch of the dungeon, and saw 2 of its levels.

You collected 38 gold pieces.

Inventory:

Armour
 a - a +0 robe (worn)
Jewellery
 d - an amulet of guardian spirit (around neck)


   Skills:
 + Level 4.0 Fighting
 + Level 1.7 Dodging
 + Level 0.0 Stealth
 + Level 2.7 Unarmed Combat
 + Level 2.4 Spellcasting
 + Level 1.7 Transmutations


You had 5 spell levels left.
You knew the following spells:

 Your Spells              Type           Power      Damage    Failure   Level
a - Beastly Appendage     Tmut           14%        N/A       11%         1

Your spell library contained the following spells:

 Spells                   Type           Power      Damage    Failure   Level
 Wereblood                Tmut           7%         N/A       16%         2
 Spider Form              Tmut/Pois      2%         N/A       41%         3
 Ice Form                 Ice/Tmut       4%         N/A       83%         4


Dungeon Overview and Level Annotations

Branches:
Dungeon (2/15)

Altars:


Innate Abilities, Weirdness & Mutations

You are too large for most types of armour.
You have tough skin. (AC +1)


Message History

You feel yourself speed up.
You feel sick. The adder closely misses you. x2
You hit the adder but do no damage. Your kick misses the adder.
You feel sick.
You hit the adder.
The adder is moderately wounded.
Your horns disappear.
Your talons disappear.
You feel sick. The adder bites you.
You are more poisoned.
The adder poisons you!
You hit the adder but do no damage.
The adder is moderately wounded.
You feel sick. The adder bites you.
You are more poisoned.
The adder poisons you!
Casting: Beastly Appendage (safe; 11% risk of failure)
Confirm with . or Enter, or press ? or * to list all spells.
You miscast Beastly Appendage.
You are very lightly contaminated with residual magic.
Nothing appears to happen.
You feel sick. The adder bites you.
You are more poisoned.
The adder poisons you!
You completely miss the adder.
The adder is moderately wounded.
You feel sick.
You miss the adder.
The adder is moderately wounded.
You feel sick. The adder bites you.
You are lethally poisoned!
The adder poisons you!
You aren't carrying any scrolls.
You aren't carrying any potions.
You feel very sick.
You feel very sick.
You feel sick.
* * * LOW HITPOINT WARNING * * *
You feel sick.
* * * LOW HITPOINT WARNING * * *
You feel sick.
* * * LOW HITPOINT WARNING * * *
You feel sick.
Are you sure you want to abandon this character and quit the game? (Confirm with "yes".)

##############
#............#
#.##########.#
#####<## #.#
.......# #.#
#####.## #@#
### #S# #.#
#.# #.# #.#
#.########
#........#
########.#


You could see an adder.

Vanquished Creatures
  2 endoplasms (D:1)
  A giant cockroach (D:1)
  A goblin (D:1)
  6 hobgoblins (D:1)
  8 jackals (D:1)
  2 ball pythons (D:1)
  2 bats (D:1)
  3 frilled lizards (D:1)
  2 rats (D:1)
27 creatures vanquished.

Notes
Turn   | Place    | Note
-------+----------+-------------------------------------------
     0 | D:1      | Ezendos the Ogre Transmuter began the quest for the Orb.
     0 | D:1      | Reached XP level 1. HP: 19/19 MP: 3/3
    43 | D:1      | Reached skill level 2 in Fighting
   539 | D:1      | Reached XP level 2. HP: 22/29 MP: 5/5
   651 | D:1      | Reached skill level 3 in Fighting
  1199 | D:1      | Reached XP level 3. HP: 32/39 MP: 3/6
  1204 | D:1      | Reached skill level 4 in Fighting
  1526 | D:2      | Quit the game

Illustrated notes

Levels and vault maps discovered:
D:1:      heliophobic_arrival_battle_scene, layout_rooms,
          chequers_serial_rivers_marsh
D:2:      minmay_razor_zed, layout_loops_ring, serial_park_tiny_1,
          minmay_randomly_rotated_circles

Skill      XL: |  1  2  3 |
---------------+----------+-----
Fighting       | 2 3 4 |  4.0
Dodging        | |  1.7
Unarmed Combat | |  2.7
Spellcasting   | |  2.4
Transmutations | |  1.7

Action                   || total
-------------------------++-------
Melee: Unarmed           ||    94
       Headbutt          ||     4
       Kick              ||    14
       Punch             ||     1
 Cast: Beastly Appendage ||    19
  Use: Scroll            ||     1
       Potion            ||     1
Armor: Robe              ||    36
Dodge: Dodged            ||    49

Table legend: (Time is in decaauts)
 A = Elapsed time spent in this place.
 B = Non-inter-level travel time spent in this place.
 C = Inter-level travel time spent in this place.
 D = Time resting spent in this place.
 E = Time spent auto-exploring this place.
 F = Levels seen in this place.
 G = Mean time per level.
                   A        B        C        D        E       F      G
               +--------+--------+--------+--------+--------+-----+--------+
         Total |   1518 |   1495 |     23 |    502 |    655 |   2 |  759.0 |
       Dungeon |   1518 |   1495 |     23 |    502 |    655 |   2 |  759.0 |
               +--------+--------+--------+--------+--------+-----+--------+

Top non-repeatable levels by time:
     D:1: 1458 daAuts
     D:2: 60 daAuts
